 Dungeon Crawl Stone Soup version 0.25-a0-435-g4b9beb1024 (webtiles) character file.

Game seed: 11426943231558206341, levelgen mode: deterministic

37 Elellon the Conjurer (level 3, -17/19 HPs)
             Began as a Deep Elf Conjurer on Jan 27, 2020.
             Demolished by an ogre
             ... wielding a cursed -1 giant club
              (24 damage)
             ... on level 1 of the Dungeon.
             The game lasted 00:01:36 (1262 turns).

Elellon the Conjurer (Deep Elf Conjurer)            Turns: 1262, Time: 00:01:37

Health: -17/19     AC:  3    Str:  6    XL:     3   Next: 23%
Magic:  9/10       EV: 13    Int: 19    God:
Gold:   44         SH:  0    Dex: 15    Spells: 9/10 levels left

rFire    . . .     SeeInvis .   j - +0 dagger
rCold    . . .     Gourm    .   (no shield)
rNeg     . . .     Faith    .   a - +0 robe
rPois    .         Spirit   .   (no helmet)
rElec    .         Reflect  .   (no cloak)
rCorr    .         Harm     .   (no gloves)
MR       .....                  g - +0 pair of boots
Stlth    ++........             (no amulet)
HPRegen  0.06/turn              (no ring)
MPRegen  0.12/turn              (no ring)

@: no status effects
A: no striking features
a: no special abilities


You were on level 1 of the Dungeon.
You were hungry.

You visited 1 branch of the dungeon, and saw 2 of its levels.

You collected 44 gold pieces.

Inventory:

Hand Weapons
 j - a +0 dagger (weapon)
Armour
 a - a +0 robe (worn)
 g - a +0 pair of boots (worn)
Scrolls
 b - 2 scrolls of noise {unknown}
 k - a scroll of fear {unknown}
 n - a scroll of teleportation {unknown}
 o - a scroll of random uselessness {unknown}
 p - 2 scrolls of identify {unknown}
Potions
 d - a potion of might {unknown}
 e - 2 potions of lignification {unknown}
 f - a potion of flight {unknown}
 h - a potion of brilliance {unknown}
 i - a potion of curing {unknown}
 l - 2 potions of magic {unknown}
 m - 2 potions of mutation {unknown}
Comestibles
 c - 4 rations


   Skills:
 - Level 2.4 Dodging
 - Level 2.4 Stealth
 + Level 4.2 Spellcasting
 + Level 5.0 Conjurations


You had 9 spell levels left.
You knew the following spells:

 Your Spells              Type           Power        Failure   Level  Hunger
a - Magic Dart            Conj           ###.         1%          1    None

Your spell library contained the following spells:

 Spells                   Type           Power        Failure   Level  Hunger
 Searing Ray              Conj           ###...       2%          2    #......
 Dazzling Flash           Conj/Hex       ##....       14%         3    ###....
 Fulminant Prism          Conj/Hex       ##........   43%         4    ####...
 Iskenderun's Mystic Bla  Conj/Tloc      ##......     43%         4    ####...


Dungeon Overview and Level Annotations

Branches:
Dungeon (2/15)

Altars:


Message History

Press: ? - help, Shift-Dir - straight line, f/p - ogre
Aim: an ogre, wielding a -1 giant club (moderately wounded)
The magic dart hits the ogre.
The ogre is heavily wounded.
The ogre barely misses you.
There is a stone staircase leading up here.
The ogre hits you with a cursed -1 giant club.
You climb upwards.
There is a stone staircase leading down here.
The ogre hits you with a cursed -1 giant club!
Casting: Magic Dart (safe; 1% risk of failure)
Confirm with . or Enter, or press ? or * to list all spells.
Aiming: Magic Dart (safe; 1% risk of failure)
Press: ? - help, Shift-Dir - straight line, f - ogre
Aim: an ogre, wielding a -1 giant club (heavily wounded)
The magic dart hits the ogre.
The ogre is severely wounded.
The ogre hits you with a cursed -1 giant club!!
Ouch! That really hurt!
You die...

####.........÷..# #.....)..
#....##########.# #........
#.#### #.....#.# #........
..# #####.#.## #.⌠...⌠.. ###
#....## ##..###... .######
###...### #(.)'<#... ......#
#.....####...###... #####.##
#..##.......⌠...⌠.#
#..########.@#####..........#
##..........O......###.##.###
#########.............##.###
##.......##...........
#.........#....#......
#............###.#.#..
#.........######......
####### #.........# #..#.#..
......### #.........##
#.......


You could see an ogre.

Vanquished Creatures
  An adder (D:2)
  2 dart slugs
  3 giant cockroaches
  2 goblins (D:1)
  4 hobgoblins (D:1)
  5 jackals (D:1)
  5 rats (D:1)
22 creatures vanquished.

Notes
Turn   | Place    | Note
-------+----------+-------------------------------------------
     0 | D:1      | Elellon the Deep Elf Conjurer began the quest for the Orb.
     0 | D:1      | Reached XP level 1. HP: 10/10 MP: 6/6
   317 | D:1      | Reached XP level 2. HP: 15/15 MP: 3/8
  1087 | D:2      | Reached skill level 5 in Conjurations
  1087 | D:2      | Reached XP level 3. HP: 19/19 MP: 4/10
  1217 | D:2      | Noticed an ogre
  1262 | D:1      | Demolished by an ogre

Levels and vault maps discovered:
D:1:      scummos_arrival_simple_fountains, layout_rooms, serial_glass,
          glass_columns_a, glass_columns_a
D:2:      layout_basic, lemuel_doored_altar, fedhas_ov_isle_minmay, uniq_jessica

Skill      XL: |  1  2 |
---------------+-------+-----
Spellcasting   | 4 |  4.2
Conjurations   | 5 |  5.0
Dodging        | |  2.4
Stealth        | |  2.4

Action                   || total
-------------------------++-------
Melee: Unarmed           ||    13
 Cast: Magic Dart        ||    53
Armor: Robe              ||     4
Dodge: Dodged            ||    17

Table legend:
 A = Non-vault XP
 B = Vault XP
 C = Vault XP percentage of total XP
 D = Non-vault monster count
 E = Vault monster count
 F = Vault count percentage of total count
                 A         B        C        D         E       F
            +---------+---------+-------+---------+---------+-------
      Total |      54 |       0 |   0.0 |      22 |       0 |   0.0
            +---------+---------+-------+---------+---------+-------
        D:1 |      35 |       0 |   0.0 |      19 |       0 |   0.0
        D:2 |      19 |       0 |   0.0 |       3 |       0 |   0.0
            +---------+---------+-------+---------+---------+-------
